[Event "44th Chess Olympiad Open 2022"]
[Site "Chennai"]
[Date "2022.07.30"]
[Round "2.23"]
[White "Indjic, Aleksandar"]
[Black "Tologontegin, Semetey"]
[Result "1-0"]
[WhiteElo "2620"]
[BlackElo "2378"]
[Annotator "TA"]
[PlyCount "111"]
[EventDate "2022.??.??"]
[TimeControl "60"]

1. d4 Nf6 2. c4 e6 3. Nf3 Bb4+ 4. Nbd2 O-O 5. a3 Be7 6. e4 d6 {[%emt 0:00:04]
[%cal Ye6e5] E11: Bogo-Indian.} 7. Be2 Nfd7 8. b4 e5 {[%emt 0:01:45] The position is equal.} 9. d5 a5 10. Bb2 c5 11. b5 Nb6 12. Qc2 {[%emt 0:01:03] [#]} Bg5
$146 (12... f5 $14) ({Predecessor:} 12... f5 13. O-O-O f4 14.
g3 N8d7 15. Rdg1 Rf7 16. h4 fxg3 17. Rxg3 Nf8 18. h5 Bf6 {1-0 (52) Gledura,B 
(2620)-Quesada Perez,Y (2598) Chesterfield 2020}) 13. Nxg5 $16 Qxg5 14. g4 N8d7 (14... Bxg4
$2 15. Rg1 $18) (14... Qh4 $16) 15. h4 $1 $36 {[%emt 0:00:59] Keeping Black
busy.} Qe7 16. Nf1 Re8 17. Ng3 Nf8 18. Nh5 Ng6 19. g5 Nd7 20. O-O-O $1 {[%emt 0:14:40] White is much more active. The black rooks
are badly placed.} f6 (20... Rf8 $16 {was worth a try.}) 21.
Rdg1 fxg5 22. hxg5 (22. Rxg5 $6 Rf8 $16) 22... Rf8 23. Bg4 Nf4 {[%emt 0:20:22] Prevents Be6+.} (23... Nb6 {was necessary.}) 24. Bf5 (24. Nxf4 Rxf4 25. Be6+ Kh8 $16) 24... Nxh5 25. Rxh5 g6 26. Be6+ Kh8 $2 (26... Kg7) 27. Rh4 Nb6 28. Bxc8 (28. Rgh1 $142) 28... Raxc8 29. f4 $1 {[%emt 0:00:11] And now f5 would win.} Nd7 (29... h5 {might work better.} 30. f5 Qf7) 30. f5 {[%emt 0:00:24]
Hoping for fxg6.} Rg8 31. Qd2 b6 32. Rh6 Nf8 33. Qh2 Qc7 34. Rf1 Rg7 35. fxg6 (35. f6 $142 Rd7 36. Rh1) 35... Nxg6 36. Rf6 Kg8 37. Qh3 $1 {[%emt 0:00:09] Threatens to
win with Qe6+.} Re8 {[%emt 0:00:00] [#] Prevents Qe6+.} 38. Kc2 ({White should play} 38. Kb1 $1 $18) 38... Ree7 (38... Qe7
$16 {keeps fighting.}) 39. Bc3 Qd7 40. Qf5 Ref7 41. Kb3 ({Avoid the trap
} 41. Rxd6 $2 Rxf5 42. Rxd7 Rf2+ 43. Bd2 Rxd7 $19) 41... Rxf6 $2 (41... Re7 42. Bd2 (42. Rxd6 $2 Qxd6 43. Qc8+ Kf7 $19) 42... Ref7) 42.
gxf6 ({Inferior is} 42. Qxf6 Rf7 43. Qe6 Qxe6 44. dxe6 Ra7 $15
) 42... Rf7 43. Qxd7 Rxd7 {[%emt 0:00:12] [#]
} (43... a4+ $142 44. Kxa4 Rxd7) 44. Bxa5 $1 bxa5 {[%emt 0:06:
25] Endgame KRN-KR} 45. Ka4 Kf8 46. b6 Ke8 47. Kxa5 Kd8 48. Kb5 Kc8 49. a4 {[%emt 0:00:11][%cal
Ya3a4,Ya4a5,Ya5a6] aiming for a5.} Rf7 50. Kc6 {[%emt 0:00:27]
a5 is the strong threat.} Nf8 51. a5 Nd7 52. a6 Kb8 53. Kxd6 {[%emt 0:
03:59] Threatening mate with Ke6.} Nxf6 54. Ke6 {[%emt 0:00:
28] White mates.} Ng4 55. Kxf7 Nxh6+ 56. Ke6 {[%emt 0:00:10] Weighted Error Value: White=0.17 (very
precise) /Black=0.57} 1-0

[Event "44th Chess Olympiad Open 2022"]
[Site "Chennai"]
[Date "2022.07.30"]
[Round "2.23"]
[White "Markus, Robert"]
[Black "Abdyjapar, Asyl"]
[Result "1-0"]
[WhiteElo "2616"]
[BlackElo "2306"]
[Annotator "TA"]
[PlyCount "112"]
[EventDate "2022.??.??"]
[TimeControl "60"]

1. d4 Nf6 2. c4 e6 3. Nf3 c5 4. d5 d6 5. Nc3 exd5 6. cxd5 g6 7. e4 Bg7 8. Be2 O-O 9.
O-O Re8 10. Nd2 a6 11. a4 Nbd7 12. Qc2 Ne5 13. Ra3 g5 14. Re1 {[%emt 0:04:35] A77: Modern Benoni:
Classical: 9...Re8 10 Nd2:10...a6 and 10...Nbd7.} Bd7 15. Nf1 g4 16. Ng3 {[%emt 0:00:19] [#] White is
slightly better.} Rb8 $146 (16... Ng6 $14) ({Predecessor:} 
16... Ng6 17. Bd2 Re5 18. Nd1 b5 19. axb5 axb5 20. Rxa8 Qxa8 21. Ne3 Re8 22. b4
Qc8 {½-½ (45) Dragun,K (2586)-Donchenko,A (2567) Biel 2015}) 17. a5 (17. Nd1 $16) 17... Ng6 $1 $14 18. Nd1 h5 19. Ne3 $1 h4 20. Ngf5 Rxe4 21. Nxd6 Re5 22. Ndc4 {[%emt 0:05:32] White is more active.} (22. Qxc5 $2 Bf8 23.
Bd3 Be8 $19) 22... Rg5 (22... Re8 $14) 23. Nb6 $16 Nf4 24. Bf1 $1 g3 (
24... Ng6 $16 {keeps fighting.}) 25. fxg3 hxg3 26. hxg3 N4h5 (26... Rxg3 $2 27. Nxd7 Qxd7
28. Nf5 Rxa3 29. Bxf4 $18) 27. Nec4 (27. Qxc5 $6 Ne4 28. Qc2
Nexg3 $14) ({White should play} 27. Nxd7 Qxd7 28. Nc4 (28. Qxc5 Re8 $17) 28...
Rxd5 29. Nb6) 27... Ng4 28. Rd1 (28. Bxg5
Qxg5 29. Re4 (29. Nxd7 $2 Bd4+ 30. Ne3 Nxg3 $19) 29... Nhf6 $19) 28... Bf5 29. Qe2 (29. Bxg5 Qxg5 30. Qc1 Bd4+ 31. Ne3 (
31. Kh1 $2 Nf4 $19) 31... Nxe3 32. Rxd4 cxd4 $19) 29... Qf6 (
29... Bd4+ $142 30. Rxd4 cxd4) 30. Qf3 (30. Bxg5 $2 Qxg5 31.
Qf3 Be4 $19) (30. d6 $1 $16 Be6 31. d7 (31. Bxg5 Qxg5 32. d7 Rd8 $11)) 30...
Qg6 (30... Rg6 $11) 31. d6 $2 {[%emt 0:00:00] [#]} (31. Bxg5
$16 Qxg5 32. Nd6) 31... Nhf6 $1 32. Bxg5 $11 Qxg5 33. Bd3 Be6 {[%emt 0:02:06] aiming for .
..Qh5. This bishop pair is nice.} 34. Bc2 Qh5 {[%emt 0:03:03]
Threatens to win with ...Bh6.} 35. Re3 Rd8 36. d7 Qh2+ 37. Kf1 {[%emt 0:00:00][%cal
Ye3e6] next Rxe6! is good for White.} Nxe3+ $2 {[%emt 0:00:21] A mistake that
costs the game.} (37... Qh6 $11 {and Black is okay.} 38. Kg1 Qh2+ 39. Kf1 Qh6)
38. Nxe3 $18 Qh1+ (38... Nh5 $142) 39. Kf2 Qh6 {[%emt 0:00:20] [#]} 40. Bf5 ({And not} 
40. Qxb7 Ng4+ 41. Nxg4 Bxg4 $11) (40. Nf5 Qg5 $11) 40... Qg5 (
40... Qh5 $142 41. Rd6 Qg5 42. Bxe6 fxe6) 41. Qf4 Bh6 {
[%emt 0:30:39][%cal Yg5f5] Strongly threatening ...Qxf5!} 42. Bxe6 {[%emt 0:00:
00] The board is on fire.} fxe6 43. Qxg5+ Bxg5 44. Nec4 Nd5 $2 (44...
Rf8 45. Ke2 Ne4) 45. Nxd5 {[%emt 0:00:00] White is clearly winning.} exd5 46. Rxd5 {[%emt 0:00:00] Endgame KRB-KRN} Be7 47. Ke3 Kf7 48. Ke4 Ke6 49. g4 Rg8 50. g5 Bd8 51. Rd6+ Ke7 52.
Kf5 Rf8+ 53. Rf6 Rg8 54. g6 Kxd7 55. Rf7+ Kc6 56. g7 (
56. Ne5+ $142 Kb5 57. Rxb7+ Ka4 58. Nc4) 56... Kd5 {[%emt 0:00:34] Weighted
Error Value: White=0.14 (very precise) /Black=0.37} 1-0

[Event "44th Chess Olympiad Open 2022"]
[Site "Chennai"]
[Date "2022.07.30"]
[Round "2.23"]
[White "Rodshtein, Maxim"]
[Black "Mhango, Banele"]
[Result "1-0"]
[WhiteElo "2596"]
[BlackElo "2238"]
[Annotator "RC"]
[PlyCount "61"]
[EventDate "2022.??.??"]
[TimeControl "60"]

1. d4 d5 2. c4 e6 3. Nc3 a6 4. cxd5 exd5 5. Bf4 Nf6 6. e3 c5 7. Bd3 cxd4 8. exd4 Nc6 9. Nge2 Bd6 10. Bg5 O-O 11. Qd2 Be6 12. O-O Re8 13. h3 h6 14. Bh4 Be7 15. Rad1 Rc8 16. Rfe1 Nh5 17. Bxe7 Qxe7 18. Bb1 Qh4 19. Qd3 Nf6 20. g3 Qg5 21. Nf4 Nb4 22. Qf3 Bf5 23. Nfxd5 Nbxd5 24. Bxf5 Nxc3 25. bxc3 Rxe1+ 26.
Rxe1 Rxc3 27. Qxc3 Qxf5 28. g4 Qd5 29. Qc8+ Kh7 30. Qf5+ Qxf5 31. gxf5 1-0

[Event "44th Chess Olympiad Open 2022"]
[Site "Chennai"]
[Date "2022.07.30"]
[Round "2.23"]
[White "Markov, Mikhail"]
[Black "Ivic, Velimir"]
[Result "1/2-1/2"]
[WhiteElo "2333"]
[BlackElo "2581"]
[Annotator "TA"]
[PlyCount "81"]
[EventDate "2022.??.??"]
[TimeControl "60"]

1. d4 Nf6 2. Nf3 d5 3. c4 e6 4. Qc2 c5 5. dxc5 Bxc5 6. cxd5 {[%emt 0:01:46] D30:
Queen's Gambit Declined: Systems without Nc3.} Qb6 7. e3 $1 exd5 8. a3 {[%emt 0:00:00] Strongly
threatening b4. White has an edge.} O-O 9. b4 Be7 10. Bb2 a5 11. b5 Bg4 {[%emt 0:03:15] [#]} 12. Bd4 $146 ({
Predecessor:} 12. Nbd2 Rc8 13. Qb1 Nbd7 14. Be2 Nc5 15. Bd4 Nfe4 16. Nxe4 dxe4
17. Qxe4 Nxe4 18. Bxb6 {½-½ (61) Arnold,M (2432)-Grandelius,N (2505) Chotowa
2010}) 12... Qd6 13. Bd3 Nbd7 14. Qb2 (14. Nbd2 $11) 14... Nc5 15. Bc2 (15. Bxc5 $15 Qxc5 16. Nd4) 15... Nce4 (15...
Bxf3 $17 16. Be5 Qe6 $1 17. gxf3 Rac8) 16. Nbd2 Rac8 17. O-O Rfe8 18. Rfc1 (18. b6 $11) 18... Bf8 (18... Bxf3 $15 19. Nxf3 Ng4) 19. b6 Bd7 20. Nxe4 Nxe4 21. Ne5 Be6 (21... Red8 $11) 22. Qb5 (22. f3 $5 Nc5 23. Qb5 $14) 22... Bf5 23. f3 Rxe5 (23... Nc3 $1 $11 24.
Bxc3 Rxe5) 24. Bxe4 (24. Bxe5 Qxe5 25. Bxe4 Bc5 26. Rxc5 Rxc5
27. Qxc5 Qxa1+ 28. Kf2 Qb2+ 29. Kg3 Qe5+ 30. Kf2 Qb2+ 31. Kg3 Qe5+ 32. Kf2 Qb2+
$11) (24. fxe4 $14 Be6 25. Bd1 (25. Qxa5 Rg5 $14) (25. Bxe5 Qxe5 26. Bd3 Bd6
$11)) 24... Rxc1+ $11 25. Rxc1 Bxe4 (25... Bd7 $1 $11 26. Bxe5 (26. Qxa5 Rh5 $11) 26... Qxa3 27. Bxh7+ Kh8)
26. fxe4 $18 ({Much less strong is} 26. Bxe5 Qxe5 27. fxe4
Qxe4 $16) 26... Rxe4 27. Rc8 {[%emt 0:00:29] Threatens to win
with Bc5.} Rxd4 28. exd4 Qxa3 $16 {[%emt 0:
00:00] Endgame [#] KQR-KQB} 29. Qc5 ({White should try} 29. h3
$1 $16 {aiming for Qc5.} Qa1+ 30. Kh2 Qxd4 31. Qxa5 Qf4+ 32. Kg1) 29... Qe3+
$11 {[%emt 0:00:19] The position is equal.} 30. Kf1 Qd3+ 31. Ke1 Qe3+ 32. Kd1 {[%emt 0:02:37][%csl Gc5][%cal Rc8f8]
The board is on fire.} Qd3+ 33. Kc1 Qe3+ 34. Kb2 Qd2+ 35. Ka3 Qd3+ 36. Ka2 Qd2+ 37. Qc2 Qb4 38. Qc5 {[%emt 0:
02:26][%csl Gc5][%cal Rc8f8] Active counter play!} Qd2+ 39.
Qc2 Qb4 40. Qb3 {[%emt 0:02:00] Qxb4 is the
strong threat.} Qxd4 41. Qa3 {[%emt 0:31:51] Weighted Error
Value: White=0.16 (very precise) /Black=0.22 (precise)} 1/2-1/2

[Event "44th Chess Olympiad Open 2022"]
[Site "Chennai"]
[Date "2022.07.30"]
[Round "2.23"]
[White "Zhakshylykov, Erzhan"]
[Black "Ivanisevic, Ivan"]
[Result "0-1"]
[WhiteElo "2332"]
[BlackElo "2561"]
[Annotator "TA"]
[PlyCount "102"]
[EventDate "2022.??.??"]
[TimeControl "60"]

1. d4 Nf6 2. c4 c5 3. d5 g6 4. Nc3 Bg7 5. e4 d6 6. h3 O-O 7. Nf3 e6 8. Bd3 Na6 9. O-O Nc7 {[%emt 0:01:03] 9...e5 is more advanced technology.} 10.
dxe6 {[%emt 0:07:26] E90: King's Indian: Classical: Early deviations and 6 h3.}
(10. Qb3 $16) 10... Nxe6 $11 11. Be3 a6 $5 {
[%emt 0:16:48] An interesting side line.} 12. Qd2 {[%emt 0:07:07] [#] White
has an edge.} b5 $146 ({Predecessor:} 12... Re8 13. Nd5 Bd7
14. Rad1 b5 15. Qc2 Bc6 16. Rfe1 Qb8 17. b3 Qb7 18. Bf1 Rad8 {½-½ (46)
Kantor,G (2255)-Farago,S (2269) Budapest 2011}) 13. cxb5 axb5 14. Nxb5 d5 15. exd5 Nxd5 16. Bh6 Bxh6 17. Qxh6 Ndf4 $1 18. Be4 Rb8 19. Rad1 Qf6 20.
Nc3 Rxb2 21. Nd5 Nxd5 22. Bxd5 Qf4 23. Qxf4 Nxf4 24. Bc4 {[%emt 0:11:40] Inhibits Ba6.}
Be6 25. Bxe6 Nxe6 26. Rd2 Rxd2 27. Nxd2 {[%emt 0:00:03] Endgame KRN-KRN}
Ra8 28. Rc1 Rxa2 29. Nb3 Nd4 (29... Nf4 $1 $15 {might be stronger.} 30.
Rxc5 Nd3 31. Rc8+ Kg7) 30. Nxd4 cxd4 {[%emt 0:00:05] KR-KR}
31. Rc8+ Kg7 32. Rd8 {[%emt 0:00:27] [#]}
Ra1+ (32... Ra4 $1 $17 33. Kh2 Kf6) 33. Kh2 $15 Rd1 34. Kg3 Kf6 35. Kf4 Rd2 36. f3 (36. Kf3 $15)
36... g5+ $19 ({Stronger than} 36... Rxg2
37. Rd6+ Kg7 38. Rxd4 $17) 37. Kg3 Ke5 {[%emt 0:02:23] [#]
Against f4+. And now ...d3 would win.} 38. Rh8 $2 (38. Re8+
$17 Kf5 39. Re7) 38... d3 39. f4+ (39. Rxh7
$142 Rxg2+ 40. Kxg2) 39... gxf4+ 40. Kf3 Rd1
{[%emt 0:00:16] aiming for ...Rf1+.} 41. Kf2 {[%emt 0:31:10] Inhibits Rf1+.}
Kd4 42. Rxh7 Rh1 {[%emt 0:04:36] Black mates.
} 43. Rxf7 d2 44. Rd7+ Kc3 45. Kf3 d1=Q+ 46. Rxd1 Rxd1 47. Kxf4 {[%emt 0:00:02] KR-KPP} Kd4 48. h4 Kd5 49. Kg5 Ke6 50. g4 Kf7 51.
Kh6 Rd4 {[%emt 0:01:02] Weighted Error Value: White=0.77/
Black=0.04 (flawless)} 0-1

[Event "44th Chess Olympiad Open 2022"]
[Site "Chennai"]
[Date "2022.07.30"]
[Round "2.24"]
[White "Paichadze, Luka"]
[Black "Zambrana, Osvaldo"]
[Result "1-0"]
[WhiteElo "2561"]
[BlackElo "2417"]
[Annotator "TA"]
[PlyCount "105"]
[EventDate "2022.??.??"]
[TimeControl "60"]

1. e4 c5 2. Nf3 Nc6 3. Bb5 g6 4. Bxc6 dxc6 5. d3 Bg7 6. Nc3 e5 7. h3 Nf6 {[%emt 0:01:09] B31: Sicilian: 2...Nc6 3 Bb5 g6.} 8. Nxe5 Nxe4 $1 9. Nxe4 {[%emt 0:00:05] Strongly
threatening Nc4.} Bxe5 {[%emt 0:00:16] White is slightly better.} 10. O-O O-O 11. Nxc5 b6 12. Ne4 c5 13. Re1 $1 Bg7 14. Bg5 f6 15. Bf4 {
[%emt 0:21:02] [#] Nd6 is the strong threat.} Qd5 $146 ({
Predecessor:} 15... g5 16. Bd6 Rf7 17. Bh2 Bf8 18. Qh5 Bb7 19. h4 Qd5 20. hxg5
fxg5 21. Qxg5+ Qxg5 22. Nxg5 {1-0 (56) Kabanov,N (2496)-Artamonov,V (2211)
Samara 2012}) 16. Nc3 Qd7 17. Qd2 g5 18. Bg3 Bb7 19.
Re2 Rae8 20. Rae1 h6 21. Rxe8 Rxe8 22. Rxe8+ Qxe8 23. Qe3 Qc6 24. f3 {[%emt 0:00:13] Active counter play!} f5 {
[%emt 0:00:00] And now ...Bd4 would win.} 25. Qe2 Bd4+ 26. Kf1 Kf7 27. Nd1 (27. Be5 {feels hotter.} h5 28. Nd1 g4 29. fxg4 hxg4 30. Bxd4 cxd4 31.
hxg4 fxg4 32. Qf2+) 27... Qe6 28. Qxe6+ Kxe6
$14 {[%emt 0:00:00] Endgame KBB-KBN} 29. Bb8 Kd7 30. c3 Bf6 (30... Bg7 $16) 31. Bxa7 $18 Kc7 32. Ne3 $1 Be7 33. Nc4 b5 {[%emt 0:00:00] [#]} 34. Na5 Bd5 35. b3 Be6 36. Ke2 f4 (36... g4 $16 {was called for.} 37. f4 Bf6
) 37. a3 h5 38. b4 cxb4 39. axb4 Bf6 (39... Kd7 $142
40. Kd1 Bd5) 40. Kd2 g4 41. hxg4 hxg4 42. c4 Be7 (42...
gxf3 $142 43. gxf3 Bd7) 43. Kc3 bxc4 (43...
Kc8 $142 44. Bd4 (44. cxb5 gxf3 45. gxf3 Bd5 $18) 44... Bh4) 44. dxc4 Bh4 45. Bc5 Be1+ 46.
Kd4 gxf3 47. gxf3 Bf7 (47... Bf5 {is a better defense.} 48. Ke5 Bd3 49. Kxf4 Kd7) 48.
Ke4 Bd2 49. Kd3 Be1 50. Nb3 Bg6+ {[%emt 0:00:00] [#]} 51. Ke2 $1 Bg3 (51... Bc3 52. b5 Bc2) 52. b5 Bf7 53. Na5 {[%emt 0:00:24] Weighted Error Value:
White=0.09 (flawless) /Black=0.33} 1-0

[Event "44th Chess Olympiad Open 2022"]
[Site "Chennai"]
[Date "2022.07.30"]
[Round "2.24"]
[White "Gelashvili, Tamaz"]
[Black "Mendoza, Rodrigo"]
[Result "1-0"]
[WhiteElo "2549"]
[BlackElo "2215"]
[Annotator "TA"]
[PlyCount "107"]
[EventDate "2022.??.??"]
[TimeControl "60"]

1. e4 c6 2.
d4 d5 3. e5 Bf5 4. h4 h5 5. Bg5 Qb6 6. Bd3 {[%emt 0:00:08] B12: Caro-Kann: Advance Variation.} (6.
b3 $1 $11) 6... Bxd3 7. Qxd3 e6 (7... Qxb2 $17 8. Qc3 Qxc3+ 9. Nxc3 e6) 8. Nd2 $11 {[%emt 0:00:
00] Active counter play! The position is equal.} Qa6 9. c4 Ne7 10. Ngf3 Nf5 11. O-O Nd7 12. Qc2 Bb4 13. cxd5 cxd5 14. Rfc1 {
[%emt 0:00:07][%cal Yc2c8] Intending Qc8+! and mate.} O-O 15.
Nf1 Nb6 16. Qb3 {[%emt 0:13:16] [#]} (16. Qd1
$5 ) 16... Qa4 $146 ({Predecessor:} 16... Ba5
17. Ne3 Rfc8 18. Nxf5 exf5 19. e6 fxe6 20. Ne5 Nc4 21. Ng6 Kf7 22. Nf4 g6 {
½-½ (46) Caspi,I (2484)-Risting,E (2317) Pardubice 2018}) 17. Rc7 Rab8 18. Ne3 Qxb3 19. axb3 {[%emt 0:00:07] aiming for Nxf5.} Nxe3 20. fxe3 Rfc8 21. Rxc8+ Nxc8 22. Kf2 a6 23. Ne1 Bxe1+ 24. Kxe1 $15 {[%emt 0:00:00]
Endgame KRB-KRN} Na7 25. Be7 Rc8 {[%emt 0:00:
11] Strongly threatening ...Rc2.} 26. Kd2 {[%emt 0:01:13] Against Rc2+} Kh7 27. Kd3 Kg6 28. b4 Nc6 29. Bd6 f6 30.
e4 fxe5 (30... dxe4+ {feels hotter.} 31. Kxe4
Na7 32. exf6 Nb5) 31. dxe5 dxe4+ $1 32. Kxe4
$2 {[%emt 0:00:06] [#]} (32. Ke3 $1 $15) 32... Nxb4 $1 $19 33. Kf3 (33. b3 Nd5) 33... Nd5 34. Ra3 Rc2 35. Rb3 b6 36. Kg3 a5 37. Kh2 Rc4 38. Kh3 Kf5 39.
g3 $2 (39. Rf3+ Ke4 40. Rf2) 39... Ke4 40. g4 a4 41. Ra3 b5 42. gxh5 Rc2 43. Rg3 Rxb2 {[%emt 0:00:42] And now ...Rb3 would win.} 44. Bf8 b4 (44... Rb3 $142 45. h6 gxh6) 45. Bxg7 a3 46. h6 a2 47. h7 Nf4+ $2 (47... a1=Q {mates} 48. Kg4 Qf1 49. Kh5 Qf5+ 50.
Kh6 Rh2 51. Bf6 Nxf6 52. h8=Q Rxh4+ 53. Kg7 Rxh8 54. Rg4+ Nxg4 55. Kxh8 Nxe5
56. Kg7 Qg6+ 57. Kh8 Nf7#) 48. Kg4 $17 Ng6 (
48... Rg2 $1 $17 49. Rxg2 Nxg2) 49. Kg5 $2 {[%emt 0:01:08] [#]}
(49. Kh5 $11 Nf4+ 50. Kg5) 49... Nh8 $2 50. Bxh8 $11 a1=Q (50... Rc2 $1 $11 51. Rg4+ Ke3) 51. Bf6 $16 {
[%emt 0:00:00] White has strong compensation. The board is on fire.} Qf1 {
[%emt 0:00:00] [#]} (51... Qc1+ $2 52. Kh5 Qd1+ 53. Kh6 Qc1+ 54. Kg7 $18) 52.
Rg4+ Kd5 $2 {[%emt 0:00:00] [#]} (52... Kd3 {is a better
chance.}) 53. Kh6 $1 $18 Qf5 54. Rg8 {
[%emt 0:00:00] Weighted Error Value: White=0.78/Black=0.62} 1-0

[Event "44th Chess Olympiad Open 2022"]
[Site "Chennai"]
[Date "2022.07.30"]
[Round "2.24"]
[White "Gemy, Jose Daniel"]
[Black "Jobava, Baadur"]
[Result "0-1"]
[WhiteElo "2373"]
[BlackElo "2585"]
[Annotator "TA"]
[PlyCount "80"]
[EventDate "2022.??.??"]
[TimeControl "60"]

1. e4 e5 2. Nf3 Nf6 3. Nxe5 d5 4. exd5 Qxd5 5. d4 Nc6 6. Nxc6 {[%emt 0:14:39] C42: Petroff Defence: 3 Nxe5 and unusual White
3rd moves.} Qxc6 7. Qe2+ {[%emt 0:00:10] [#]} Kd8 $146 (7... Be7 $14) ({Predecessor:} 7... Be7 8. Qb5 Bd7 9. Qxc6 Bxc6
10. f3 O-O-O 11. c3 h5 12. h4 Nd5 13. Kf2 Bd7 {1-0 (61) Vachier Lagrave,M 
(2796)-Jobava,B (2707) Leuven 2017}) 8. Qc4 $16 {[%emt 0:12:28] White is
better.} Qe4+ 9. Qe2 (9. Be3 $1 $16) 9... Qg6 10. Be3 Bg4 (10... Bf5 $14)
11. Qd2 (11. f3 $6 Bb4+ 12. Nd2 Qxc2 $1 $11) 11... Ne4 ({Black should play} 11... Bf5) 12. Bd3 $2 (
12. Qd3 $16) 12... Nxd2 $15 {[%emt 0:00:11] Black is more active.} 13. Bxg6 Nf3+ $1 14. gxf3 Bxf3 15. Rg1 hxg6 16. Nd2 {
[%emt 0:00:03] Inhibits Be4.} Bc6 17. Bf4 Kd7 18. O-O-O Rh4 19. Be5 Re8 ({Much weaker is} 
19... f6 20. d5 Bb5 21. Bg3 $11) 20. c3 Bd6 21. Bg3 Bxg3 22. hxg3 Rh2 23. d5 Bb5 {[%emt 0:00:09] And now ...Be2
would win.} 24. c4 Ba6 25. f3 Ree2 {[%emt 0:00:36][%cal Ya6c4] aiming for ...Bxc4!} 26. b3 b5 $36 {White must now prevent ...bxc4. Black fights for an advantage.} 27.
cxb5 (27. Rge1 $11 {keeps the balance.}) 27... Bxb5 $17 28. Kc2 (28. a4 $17 {was called for.} Bd3 29.
Rge1) 28... Re3 $19 29. Rh1 Rf2 30. Kc1 Rc3+ 31. Kb2 Rcxf3 32. Ka3 Re3 ({But not
} 32... Rxg3 33. Ne4 Rgg2 34. Nxf2 Rxf2 35. Rh7 $14) 33. Kb4 Bd3 34. Rh7 (34. Rh3 $142) 34... Rxg3 35. Nc4 Bxc4 36. bxc4 {
[%emt 0:00:06] [#]} Kd6 $1 ({Wrong is} 36... Rxa2 $2 37. Rxg7
Rf3 38. Rg8 $19) 37. c5+ {[%emt 0:00:41] [#]} Kd7 $1 {[%emt 0:00:03] ( -> ...
Rf4+)} 38. d6 $2 (38. c6+ $19 Kd6 39. Rh8 Rf4+ 40. Kb5) 38...
Rf4+ {[%emt 0:00:15] Black mates.} 39. Kb5 a6+ 40. Kxa6 Ra3+ {[%emt 0:00:12] Weighted Error Value: White=0.48/Black=0.
09 (flawless)} 0-1

[Event "44th Chess Olympiad Open 2022"]
[Site "Chennai"]
[Date "2022.07.30"]
[Round "2.24"]
[White "Pinto, Daniel"]
[Black "Pantsulaia, Levan"]
[Result "0-1"]
[WhiteElo "2249"]
[BlackElo "2581"]
[Annotator "ChessBase"]
[PlyCount "90"]
[EventDate "2022.??.??"]
[TimeControl "60"]

1. e4 c5 2. Nf3 d6 3. c3 Nf6 4. Be2 g6 5. O-O Bg7 6. Bb5+ Bd7 7. Bxd7+ Qxd7 8.
Re1 Nc6 9. d4 cxd4 10. cxd4 d5 11. e5 Ne4 12. Nbd2 Nxd2 13. Bxd2 O-O 14. b4 Rfc8 15. Qb3 Nd8 16. Rec1 Ne6 17. b5 a6 18. a4 axb5 19. axb5 Rxc1+ 20. Rxc1 f6 21. b6 Kf7 22. g3 Ra4 23. Be3 Ra5 24. Bd2 Qb5 25. Qc2 Ra8 26. Rb1 Qa4 27. Qc3 Qa2 28. Rb3 Qa1+ 29. Kg2 Qd1 30. Ra3 Rxa3 31. Qxa3 Qb1 32. Qa7 Nd8 33. Qa5 Qe4 34. Qc3 Nc6 35. exf6 Bxf6 36. Qe3 Nxd4 37. Qxe4 dxe4 38. Ng5+ Bxg5 39. Bxg5 Ke6 40. h3 Nc2 41. Kf1 Nb4 42. Ke2 Nd5 43. g4 Nxb6 44. Ke3 Ke5 45. Bf4+ Kd5 0-1

[Event "44th Chess Olympiad Open 2022"]
[Site "Chennai"]
[Date "2022.07.30"]
[Round "2.25"]
[White "Mastrovasilis, Dimitrios"]
[Black "Saraci, Nderim"]
[Result "1/2-1/2"]
[WhiteElo "2599"]
[BlackElo "2495"]
[Annotator "TA"]
[PlyCount "93"]
[EventDate "2022.??.??"]
[TimeControl "60"]

1. e4 {
[%emt 0:00:09] ChessBase II} e5 2. Nf3 Nc6 3. Bb5 a6 4. Ba4 Nf6 5. O-O Be7 6. Re1 b5 7. Bb3 O-O 8. d4 Nxd4 9. Nxd4 exd4 10. e5 Ne8 11. Qxd4 c5 12. Qe4 Nc7 {[%emt 0:41:12] has
lost popularity (12...Rb8). C88: Closed Ruy Lopez: Anti-Marshall Systems.} 13.
c4 {[%emt 0:52:29] Inhibits d5.} bxc4 14. Bc2 {[%emt 0:00:00]
[%csl Gc2][%cal Re4h7] [#]} g6 15. Bh6 Re8 {
[%emt 0:00:34] And now ...d5 would win.} 16. Nd2 {[%emt 0:03:04] [#]} Bf8 $146 ({Predecessor:} 16... Rb8 17. Nxc4 Bb7 18. Qg4 Nb5 19. Rad1
Nd4 20. Ba4 Bd5 21. b3 Be6 22. Qe4 Rb4 {½-½ (79) Apicella,M (2502)-Gozzoli,Y
(2622) Brest 2019 CBM 190 Extra [ChessBase II]}) 17. Bxf8 d5 18. Qe3 Rxf8 19. Qxc5 Rb8 20. Qa3 Nb5 ({Black should play} 20... Ne6 $17 21. Qc3 Qb6) 21. Qe3 $15 Qb6 22. Nf3 {[%emt 0:03:39] Against Nd4} Bg4 23. a4 (23. b3 $17 {was called for.}) 23... Qxe3 (23... Nc7 $19 {Hoping for ...Ne6.} 24. Reb1 Bxf3 25. Qxf3 Rbe8
) 24. Rxe3 $17 Nc7 {[#] Threatens to
win with ...Ne6.} 25. b3 Bxf3 (25... Rb4 $17)
26. Rxf3 $11 Ne6 {[%emt 0:00:00] aiming for ... Nd4.} 27. Rd1
{[%emt 0:02:59] Against Nd4} d4 28. bxc4 Rb2 29. Be4 Ng5 30. Rf4 Nxe4 (30... Ne6 $5 31. Rf6 Re2
$14) 31. Rxe4 {[%emt 0:00:00] Endgame KRR-KRR} Rd8 32. Kf1 d3 {[%emt 0:01:46] The position is equal.} 33. Re3 Rc2 34. Rexd3 (34. a5 {keeps more
tension.} Rxc4 35. e6 Rc5 36. e7) 34... Rxd3 35. Rxd3 {
[%emt 0:00:00] Black must now prevent Rd6.} Rxc4 {[%emt 0:00:00] KR-KR} 36.
Rd8+ Kg7 37. Rd7 Kg8 38. Rd8+ Kg7 39. Rd7 Kg8 40. a5 {[%emt 0:00:00] Rd6 is the strong
threat.} Rc5 41. f4 Rxa5 42. Kf2 Ra2+ 43. Kf3 h5 44. Ra7 Ra3+ 45. Ke4 Ra4+ 46. Kf3 Ra3+ 47. Ke4 {[%emt 0:00:00] Weighted Error Value: White=0.08
(flawless) /Black=0.11 (very precise)} 1/2-1/2